 Dungeon Crawl Stone Soup version 0.27-a0-1378-gdefffd1ff6 (webtiles) character file.

Game seed: 777607354092289557

1101 lmSkywalker the Magician (level 8, -12/62 HPs)
             Began as a Purple Draconian Venom Mage on June 29, 2021.
             Was a Priest of Okawaru.
             Mangled by a two-headed ogre (19 damage)
             ... on level 6 of the Dungeon.
             The game lasted 00:23:54 (6538 turns).

lmSkywalker the Magician (DrVM)                     Turns: 6538, Time: 00:23:54

Health: -12/62     AC:  6    Str: 17    XL:     8   Next: 10%
Magic:  4/15       EV: 13    Int: 17    God:    Okawaru [***...]
Gold:   196        SH:  0    Dex: 12    Spells: 11/17 levels left

rFire    . . .     SeeInvis +   n - +1 whip (drain)
rCold    . . .     Faith    .   (no shield)
rNeg     . . .     Spirit   .   (armour unavailable)
rPois    .         Reflect  .   (helmet restricted)
rElec    .         Harm     .   (no cloak)
rCorr    .         Rampage  .   (no gloves)
Will     +....                  (no boots)
Stlth    ++........             (no amulet)
HPRegen  0.20/turn              m - ring of see invisible
MPRegen  0.14/turn              q - +6 ring of strength

@: no status effects
A: breathe power, AC +6, unfitting armour, cold-blooded
a: Breathe Dispelling Energy, Renounce Religion, Heroism


You were on level 6 of the Dungeon.
You worshipped Okawaru.
Okawaru was most pleased with you.
You visited 1 branch of the dungeon, and saw 6 of its levels.

You collected 196 gold pieces.

Inventory:

Hand Weapons
 h - a +2 dagger of venom
 n - a +1 whip of draining (weapon)
Missiles
 d - 120 stones
 p - 10 javelins
Jewellery
 m - a ring of see invisible (left hand)
 o - a ring of poison resistance
 q - a +6 ring of strength (right hand)
 r - a ring of willpower
 x - a +6 ring of strength
Wands
 s - a wand of digging (6)
 w - a wand of polymorph (11)
Scrolls
 b - 2 scrolls of amnesia {unknown}
 e - 4 scrolls of teleportation {unknown}
 g - 4 scrolls of identify {unknown}
 i - 2 scrolls of magic mapping {unknown}
 j - a scroll of brand weapon {unknown}
 k - a scroll of noise {unknown}
 l - 2 scrolls of enchant armour {unknown}
 t - a scroll of fog {unknown}
 u - a scroll of summoning {unknown}
Potions
 a - a potion of degeneration {unknown}
 c - 2 potions of heal wounds {unknown}
 f - 4 potions of curing {unknown}
 v - a potion of cancellation {unknown}
 z - a potion of resistance {unknown}
 A - a potion of haste {unknown}


   Skills:
 + Level 2.7 Fighting
 + Level 4.0 Dodging
 - Level 2.0 Stealth
 + Level 5.2 Spellcasting
 + Level 4.0 Transmutations
 + Level 3.5 Fire Magic
 + Level 5.0 Poison Magic


You had 11 spell levels left.
You knew the following spells:

 Your Spells              Type           Power      Damage    Failure   Level
a - Sting                 Tmut/Pois      76%        1d6       2%          1
b - Poisonous Vapours     Pois/Air       26%        N/A       8%          2
c - Ignite Poison         Fire/Tmut/Pois 18%        N/A       8%          3

Your spell library contained the following spells:

 Spells                   Type           Power      Damage    Failure   Level
 Foxfire                  Conj/Fire      40%        2x1d6     7%          1
 Olgreb's Toxic Radiance  Pois           21%        N/A       17%         4
 Conjure Flame            Conj/Fire      10%        6-21      21%         3
 Inner Flame              Hex/Fire       10%        N/A       21%         3
 Mephitic Cloud           Conj/Pois/Air  10%        N/A       22%         3
 Sticky Flame             Conj/Fire      10%        2d3       56%         4
 Fireball                 Conj/Fire      5%         3d5       88%         5


Dungeon Overview and Level Annotations

Branches:
Dungeon (6/15)             Temple (0/1) D:5

Altars:
Okawaru
Wu Jian

Shops:
D:1 *??

Annotations:
D:2 2 exclusions
D:4 1 runed translucent door, Orlauf's ghost, novice OgHu
D:5 3 runed translucent doors, exclusion: phantom, pokeman's ghost, novice DEWz


Innate Abilities, Weirdness & Mutations

You can breathe bolts of dispelling energy.
Your rich purple scales are hard. (AC +6)
You cannot fit into any form of body armour.
You are cold-blooded and may be slowed by cold attacks.


Message History

Aiming: Poisonous Vapours (safe; 8% risk of failure)
Press: ? - help, Dir - move target, f/p - two-headed ogre
Aim: a two-headed ogre, wielding two +0 giant clubs Poisonous vapours surround the two-headed ogre!
The two-headed ogre is poisoned.
Casting: Poisonous Vapours (safe; 8% risk of failure)
Confirm with . or Enter, or press ? or * to list all spells.
Aiming: Poisonous Vapours (safe; 8% risk of failure)
Press: ? - help, Dir - move target, f/p - two-headed ogre
Aim: a two-headed ogre, wielding two +0 giant clubs (lightly wounded, poisoned) Poisonous vapours surround the two-headed ogre!
The two-headed ogre looks even sicker.
Casting: Poisonous Vapours (safe; 8% risk of failure)
Confirm with . or Enter, or press ? or * to list all spells.
Aiming: Poisonous Vapours (safe; 8% risk of failure)
Press: ? - help, Dir - move target, f/p - two-headed ogre
Aim: a two-headed ogre, wielding two +0 giant clubs (lightly wounded, very poisoned) Poisonous vapours surround the two-headed ogre!
The two-headed ogre looks even sicker.
Casting: Poisonous Vapours (safe; 8% risk of failure)
Confirm with . or Enter, or press ? or * to list all spells.
You ignite the poison in your surroundings!
The two-headed ogre seems to burn from within!!
The two-headed ogre is severely wounded.
You whack the two-headed ogre! You drain the two-headed ogre.
The two-headed ogre is almost dead.
The two-headed ogre hits you with a +0 giant club!
The two-headed ogre hits you with a +0 giant club!!
Your magical contamination has completely faded away.
Casting: Ignite Poison (dangerous; 8% risk of failure)
Confirm with . or Enter, or press ? or * to list all spells.
Aiming: Sting (safe; 2% risk of failure)
Press: ? - help, Shift-Dir - straight line, f/p - two-headed ogre
Aim: a two-headed ogre, wielding two +0 giant clubs (almost dead, lightly drained, 88% to hit)
The sting hits the two-headed ogre.
The two-headed ogre is poisoned.
The two-headed ogre is almost dead.
The two-headed ogre hits you with a +0 giant club!!
* * * LOW HITPOINT WARNING * * *
The two-headed ogre hits you with a +0 giant club!!
You die...

######.).# #..
###.########..
#........##...
#........##...
#####.............
#.............#...
#.###.........#...
#.# #.............
#@########.....###
#.O............ .
#.###...##..... #
### ...# .....
..?# ....# ....#
..... (.....


You could see a two-headed ogre (poisoned, drained).

Vanquished Creatures
  Pikel (D:5)
  An ice beast (D:6)
  An ogre (D:4)
  A lemure (D:5)
  3 scorpions
  A jelly (D:6)
  An orc priest (D:5)
  3 iguanas
  2 orc wizards (D:4)
  A hound skeleton (D:4)
  4 adders
  A gnoll (D:4)
  A worm (D:2)
  A dart slug (D:1)
  6 orcs
  5 endoplasms
  2 giant cockroaches
  5 goblins
  3 hobgoblins (D:2)
  9 jackals
  6 kobolds
  4 quokkas
  8 ball pythons
  5 bats
  4 frilled lizards
  5 rats
84 creatures vanquished.

Vanquished Creatures (others)
  A demonic plant (D:1)
  4 plants (D:4)
5 creatures vanquished.

Grand Total: 89 creatures vanquished

Notes
Turn   | Place    | Note
-------+----------+-------------------------------------------
     0 | D:1      | lmSkywalker the Draconian Venom Mage began the quest for
                  | the Orb.
     0 | D:1      | Reached XP level 1. HP: 14/14 MP: 3/3
   102 | D:1      | Found Hack's Assorted Antiques.
   331 | D:1      | Found a faded altar of an unknown god.
   355 | D:1      | Became a worshipper of Warmaster Okawaru
   355 | D:1      | Reached * piety under Okawaru
   374 | D:1      | Found Revidgh's Magic Scroll Emporium.
   566 | D:1      | Reached XP level 2. HP: 20/20 MP: 3/5
   610 | D:1      | Learned a level 2 spell: Poisonous Vapours
  1185 | D:1      | Found Puntip's Magic Scroll Boutique.
  1196 | D:1      | Reached XP level 3. HP: 26/26 MP: 3/6
  1613 | D:2      | Learned a level 3 spell: Ignite Poison
  2419 | D:2      | Reached XP level 4. HP: 33/33 MP: 1/7
  3211 | D:4      | Noticed a scorpion
  3216 | D:4      | Killed a scorpion
  3217 | D:4      | Reached skill level 1 in Fire Magic
  3217 | D:4      | Reached XP level 5. HP: 38/38 MP: 0/9
  3350 | D:4      | Noticed a phantom
  4575 | D:5      | Entered Level 5 of the Dungeon
  4581 | D:5      | Reached XP level 6. HP: 45/45 MP: 2/10
  5024 | D:4      | Found a runed translucent door.
  5028 | D:4      | Noticed Orlauf's ghost (novice OgHu)
  5215 | D:4      | Reached ** piety under Okawaru
  5452 | D:5      | Found a staircase to the Ecumenical Temple.
  5488 | D:5      | Found a runed translucent gate.
  5488 | D:5      | Found a runed translucent gate.
  5490 | D:5      | Found a runed translucent gate.
  5538 | D:5      | Noticed pokeman's ghost (novice DEWz)
  5561 | D:5      | Reached skill level 1 in Fighting
  5848 | D:5      | Noticed Pikel
  5854 | D:5      | Killed Pikel
  5854 | D:5      | Reached *** piety under Okawaru
  5855 | D:5      | Your scales start taking on a rich purple colour.
  5855 | D:5      | Reached skill level 5 in Spellcasting
  5855 | D:5      | Reached XP level 7. HP: 56/56 MP: 2/14
  6199 | D:5      | Found an ornate altar of the Wu Jian Council.
  6362 | D:6      | Reached skill level 5 in Poison Magic
  6362 | D:6      | Reached XP level 8. HP: 62/62 MP: 9/15
  6527 | D:6      | Noticed a two-headed ogre
  6538 | D:6      | Mangled by a two-headed ogre

Illustrated notes

Levels and vault maps discovered:
D:1:      saegor_arrival_simple_b, layout_loops_ring, serial_shops, shop, shop,
          nicolae_diamond_shop, shapermc_ecumenical_altar_gd
D:2:      layout_basic, grunt_decor_cap, st_stairs_1
D:3:      layout_basic, minmay_misc_feat_roman
D:4:      layout_basic, ebering_ghost_sewer_d, serial_bayou_pond_b
D:5:      layout_cave_pools, nzn_wu_jian_council_hall,
          minmay_temple_entry_overgrown, gup_sewer_entry_spiral,
          gammafunk_ghost_icy, uniq_pikel
D:6:      layout_basic

Skill      XL: |  1  2  3  4  5  6  7  8 |
---------------+-------------------------+-----
Stealth        | 2 |  2.0
Dodging        | 2 3 4 |  4.0
Transmutations | 2 3 4 |  4.0
Fire Magic     | 1 2 3 |  3.5
Spellcasting   | 3 5 |  5.2
Poison Magic   | 4 5 |  5.0
Fighting       | 2 |  2.7

Action                   |  1- 3 |  4- 6 |  7- 9 || total
-------------------------+-------+-------+-------++-------
Melee: Unarmed           |    23 |       |       ||    23
       Short sword       |    17 |       |       ||    17
       Tailslap          |     6 |     9 |       ||    15
       Dagger            |    35 |    14 |       ||    49
       Whip              |       |    80 |     1 ||    81
 Cast: Sting             |    42 |    49 |     5 ||    96
       Poisonous Vapours |    13 |    21 |     5 ||    39
       Ignite Poison     |       |     2 |     3 ||     5
Invok: Heroism           |     1 |     1 |       ||     2
 Stab: Sleeping          |     1 |       |       ||     1
Armor: Skin              |    35 |    26 |     1 ||    62
Dodge: Dodged            |    62 |    54 |       ||   116

Table legend: (Time is in decaauts)
 A = Elapsed time spent in this place.
 B = Non-inter-level travel time spent in this place.
 C = Inter-level travel time spent in this place.
 D = Time resting spent in this place.
 E = Time spent auto-exploring this place.
 F = Levels seen in this place.
 G = Mean time per level.
                   A        B        C        D        E       F      G
               +--------+--------+--------+--------+--------+-----+--------+
         Total |   6549 |   6039 |    510 |   1232 |   2996 |   6 | 1091.5 |
       Dungeon |   6549 |   6039 |    510 |   1232 |   2996 |   6 | 1091.5 |
               +--------+--------+--------+--------+--------+-----+--------+

Top non-repeatable levels by time:
     D:4: 1810 daAuts
     D:1: 1590 daAuts
     D:3: 1068 daAuts
     D:2: 972 daAuts
     D:5: 925 daAuts
     D:6: 181 daAuts
